 Dungeon Crawl Stone Soup version 0.28-a0-1415-g7c84da036a (webtiles) character file.

Game seed: 17099765723492889085

72491 southernslant the Fighter (level 15, -6/94 HPs)
             Began as a Gargoyle Gladiator on Jan 8, 2022.
             Was a High Priest of Makhleb.
             Blown up by a lich (29 damage)
             ... with a wavering orb of destruction
             ... on level 1 of the Depths.
             The game lasted 02:28:20 (22607 turns).

southernslant the Fighter (Gargoyle Gladiator)     Turns: 22607, Time: 02:28:21

Health: -6/94      AC: 36    Str: 19    XL:     15   Next: 40%
Magic:  22/22      EV: 11    Int: 15    God:    Makhleb [*****.]
Gold:   488        SH: 15    Dex: 17    Spells: 22/24 levels left

rFire   . . .      SeeInvis +   w - +7 Throatcutter {drain, coup de grace}
rCold   + + .      Faith    .   M - +3 kite shield
rNeg    + . .      Spirit   .   S - +2 chain mail {rC+}
rPois   ∞          Reflect  .   m - +2 helmet {SInv}
rElec   +          Harm     .   y - +2 cloak
rCorr   .          Rampage  .   G - +3 pair of gauntlets of War {Slay+5}
Will    +....                   (no boots)
Stlth   ..........              D - amulet of the acrobat
HPRegen 0.25/turn               X - +6 ring of intelligence
MPRegen 0.18/turn               N - ring of protection from cold

@: flying, studying Air Magic
A: sickness immunity, AC +11, big wings, negative energy resistance 1,
electricity resistance, torment resistance 1, petrification resistance
a: Renounce Religion, Minor Destruction, Lesser Servant of Makhleb, Major
Destruction, Greater Servant of Makhleb


You were on level 1 of the Depths.
You worshipped Makhleb.
Makhleb was extremely pleased with you.
You visited 4 branches of the dungeon, and saw 19 of its levels.
You also visited: Ice Cave.

You collected 2064 gold pieces.
You spent 1576 gold pieces at shops.

Inventory:

Hand Weapons
 w - the +7 Throatcutter (weapon) {drain, coup de grace}
   (You took it off Terence on level 3 of the Dungeon)

   A truly terrible weapon, it drains the life of any living foe it strikes.
   It may instantly kill foes which have little health.
 K - a +4 vorpal flail
 T - a +6 quarterstaff of chaos
Missiles
 d - a throwing net
 g - 597 stones
 i - 3 javelins
 k - 36 poisoned darts
 v - 6 boomerangs (quivered)
 z - 4 atropa-tipped darts
 R - 2 curare-tipped darts
 V - 3 datura-tipped darts
Armour
 m - a +2 helmet of see invisible (worn)
 y - a +2 cloak (worn)
 G - the +3 pair of gauntlets of War (worn) {Slay+5}
   (You bought it in a shop on level 2 of the Orcish Mines)

   Slay:      It affects your accuracy & damage with ranged weapons and melee
   (+5).
 M - a +3 kite shield (worn)
 S - a +2 chain mail of cold resistance (worn)
 U - a +0 troll leather armour
Jewellery
 A - a ring of positive energy
 D - an amulet of the acrobat (around neck)
 H - an amulet of regeneration
 N - a ring of protection from cold (right hand)
 X - a +6 ring of intelligence (left hand)
Wands
 L - a wand of polymorph (3)
 O - a wand of iceblast (5)
 P - a wand of mindburst (5)
 W - a wand of charming (4)
 Y - a wand of paralysis (2)
Scrolls
 a - a scroll of vulnerability {unknown}
 c - a scroll of torment {unknown}
 f - 10 scrolls of teleportation
 h - 2 scrolls of amnesia {unknown}
 o - 2 scrolls of fear {unknown}
 q - a scroll of summoning {unknown}
 s - 5 scrolls of identify
 t - a scroll of holy word {unknown}
 u - 2 scrolls of immolation {unknown}
 C - a scroll of fog {unknown}
 F - 2 scrolls of brand weapon {unknown}
 J - 3 scrolls of magic mapping
 Z - a scroll of blinking {unknown}
Potions
 b - 2 potions of mutation
 e - 3 potions of flight
 j - a potion of resistance {unknown}
 n - 4 potions of cancellation
 x - 3 potions of lignification
 B - 3 potions of brilliance
 E - a potion of invisibility {unknown}
 I - 2 potions of magic
 Q - 2 potions of berserk rage
Miscellaneous
 p - a phial of floods


   Skills:
 * Level 11.1 Fighting
 * Level 10.5 Long Blades
 - Level 3.5 Polearms
 - Level 6.0 Throwing
 + Level 10.8 Armour
 * Level 9.8 Dodging
 + Level 5.2 Stealth
 + Level 9.9 Shields
 + Level 5.2 Spellcasting
 - Level 4.3 Necromancy
 + Level 8.4 Invocations
 + Level 4.9 Evocations


You had 22 spell levels left.
You knew the following spells:

 Your Spells              Type           Power      Damage    Failure   Level
a - Animate Skeleton      Necr           34%        N/A       41%         1
b - Pain                  Necr           68%        1d7       41%         1

Your spell library contained the following spells:

 Spells                   Type           Power      Damage    Failure   Level
 Vampiric Draining        Necr           17%        2d7       78%         3
 Corpse Rot               Necr/Air       20%        N/A       85%         2
 Apportation              Tloc           6%         N/A       95%         1
 Summon Small Mammal      Summ           12%        N/A       95%         1
 Animate Dead             Necr           8%         N/A       99%         4
 Call Canine Familiar     Summ           3%         N/A       100%        3
 Ozocubu's Armour         Ice            3%         N/A       100%        3
 Portal Projectile        Hex/Tloc       6%         N/A       100%        3
 Summon Guardian Golem    Hex/Summ       3%         N/A       100%        3
 Leda's Liquefaction      Hex/Erth       1%         N/A       100%        4
 Agony                    Necr           17%        N/A       100%        5
 Borgnjor's Vile Clutch   Necr/Erth      5%         N/A       100%        5
 Death Channel            Necr           8%         N/A       100%        6
 Dispersal                Tloc           1%         N/A       100%        6
 Disjunction              Tloc           1%         N/A       100%        8
 Necromutation            Tmut/Necr      5%         N/A       100%        8
 Polar Vortex             Ice            1%         N/A       100%        9
 Sublimation of Blood     Necr           Unusable   N/A       N/A         2

Dungeon Overview and Level Annotations

Branches:
Dungeon (15/15)            Temple (1/1) D:7            Lair (0/6) D:9
    Orc (2/2) D:12            Elf (0/3) Orc:2        Vaults (0/5) D:13
 Depths (1/4) D:15          IceCv (visited)

Altars:
Ashenzari
Cheibriados
Dithmenos
Elyvilon
Fedhas
Gozag
Hepliaklqana
Kikubaaqudgha
Makhleb
Nemelex Xobeh
Okawaru
Qazlal
Ru
Sif Muna
Trog
Uskayaw
Vehumet
Wu Jian
Xom
Yredelemnul
Zin
The Shining One
Beogh

Shops:
D:11 ?   Orc:2 ([(*

Annotations:
D:11 1 runed translucent door, oldriver's ghost, journeyman DgEE


Innate Abilities, Weirdness & Mutations

You are immune to sickness and miasma.
Your stone body is resilient. (AC +11)
You are immune to poison.
Your large and strong wings let you fly.
You resist negative energy. (rN+)
You are resistant to electric shocks. (rElec)
You are resistant to unholy torment.
You are immune to petrification.


Message History

There is an open door here.
There is a staircase to the Depths here.
You fly downwards.
Welcome back to the Depths!
There is a staircase back to the Dungeon here.
Aiming: Charm
Press: ? - help, Q - select action, (/) - cycle Shift-Dir - straight line, f - you
Okay, then.
Aiming: Mindburst
Press: ? - help, Q - select action, (/) - cycle Shift-Dir - straight line, f - lich
Aim: a lich (infinite will)
The lich is unaffected.
The lich points at you and mumbles some strange words.
The bolt of cold hits you! You resist.
Found a stone.
You slash the lich!
The lich is moderately damaged.
You block the lich's attack.
You barely miss the lich.
The lich is moderately damaged.
You block the lich's attack.
You barely miss the lich.
The lich is lightly damaged.
You block the lich's attack.
You barely miss the lich.
The lich is lightly damaged.
The lich closely misses you.
You slash the lich!
The lich is moderately damaged.
The lich launches a ball of destructive magic.
The wavering orb of destruction weakly hits you!!
You barely miss the lich.
The lich is moderately damaged.
The lich conjures an orb of pure magic.
The wavering orb of destruction weakly hits you!!
* * * LOW HITPOINT WARNING * * *
The lich conjures a glowing orb.
An orb of destruction comes into view.
There is a staircase back to the Dungeon here.
The wavering orb of destruction hits you!!
You die...

(. ....# #..(..
....# #...
.##...# #. #....
)....# $(.
#....##(...+ .#8#
#.....?....#...:.
#....##.....##..
#.....@.....(...
#...##○L.#...##.
#. #.#.# #.#
..(#(.( .(
#......$... .
############


You could see a lich.

Vanquished Creatures
  2 very ugly things (D:15)
  An ettin (Orc:1)
  Snorg (Orc:1)
  A great orb of eyes (D:15)
  Fannar (D:12)
  A hydra (D:13)
  6 boulder beetles
  3 centaur warriors
  3 ogre magi
  4 tengu warriors
  17 two-headed ogres
  3 slime creatures
  2 deep elf knights (D:15)
  2 deep trolls (Orc:1)
  4 deep elf pyromancers
  An orc knight (D:12)
  A necromancer (IceCv)
  An orc sorcerer (D:12)
  7 cyclopes
  A manticore (D:11)
  25 ugly things
  A guardian serpent (shapeshifter) (D:15)
  An ice statue (IceCv)
  Maggie (D:6)
  2 unseen horrors (D:10)
  A komodo dragon (D:11)
  An efreet (D:15)
  An anaconda simulacrum (IceCv)
  9 ice devils (IceCv)
  4 freezing wraiths (IceCv)
  2 tengu conjurers
  2 entropy weaver simulacra (IceCv)
  3 meliai (D:13)
  2 hornets
  13 trolls
  Grinder (D:3)
  2 tyrant leeches (D:15)
  A blink frog (shapeshifter) (D:15)
  A centaur simulacrum (D:15)
  A culicivora (shapeshifter) (D:15)
  10 yaks
  A wraith (D:12)
  2 dire elephant simulacra (IceCv)
  3 wyverns
  3 shadows
  A human (D:3)
  Eustachio (D:6)
  9 vampire mosquitoes
  7 death yak simulacra
  6 wargs
  3 harpy simulacra (IceCv)
  2 water moccasins
  Duvessa (D:5)
  11 orc warriors
  2 black bears
  3 necrophages
  26 ogres
  10 centaurs
  3 phantoms
  Blork the orc (D:6)
  2 kobold brigands
  A gnoll sergeant (D:9)
  3 bullfrogs
  4 two-headed ogre simulacra (D:12)
  A wyvern zombie (D:6)
  3 scorpions
  2 cane toad simulacra (IceCv)
  A water moccasin zombie (D:5)
  A wyvern skeleton (D:6)
  Dowan (D:5)
  9 wights
  4 elephant simulacra
  19 killer bees
  An electric eel (D:7)
  2 howler monkeys
  9 centaur zombies
  3 bullfrog zombies (D:5)
  4 orc priests
  A centaur skeleton (D:6)
  3 jellies
  A human zombie (D:5)
  Crazy Yiuf (D:7)
  2 iguanas
  Terence (D:3)
  21 orc wizards
  6 polar bear simulacra (IceCv)
  A spriggan simulacrum (IceCv)
  2 killer bee zombies
  2 troll simulacra
  A hound zombie (D:5)
  3 hound skeletons
  A mummy (D:5)
  A howler monkey zombie (D:8)
  A howler monkey skeleton (D:6)
  7 adders
  18 gnolls
  A white imp (IceCv)
  2 ufetubi
  An adder zombie (D:5)
  2 worms
  5 dart slugs
  44 orcs
  8 endoplasms
  4 giant cockroaches
  8 goblins
  11 hobgoblins
  8 jackals (D:1)
  3 quokkas
  8 ball pythons
  4 bats (D:1)
  2 frilled lizards
  A jackal zombie (D:3)
  13 kobolds
  8 rats
517 creatures vanquished.

Vanquished Creatures (collateral kills)
  A tengu warrior (D:13)
  An ice devil (IceCv)
  A death yak simulacrum (IceCv)
  A centaur (D:13)
  A spriggan simulacrum (IceCv)
  A naga simulacrum (IceCv)
6 creatures vanquished.

Vanquished Creatures (others)
  Kirke (D:13)
  A deep elf knight (D:15)
  4 humans (D:14)
  A centaur (D:14)
  A two-headed ogre simulacrum (IceCv)
  2 cane toad simulacra (IceCv)
  A polar bear simulacrum (IceCv)
  7 plants
  6 withered plants (D:9)
24 creatures vanquished.

Grand Total: 547 creatures vanquished

Notes
Turn   | Place    | Note
-------+----------+-------------------------------------------
     0 | D:1      | southernslant the Gargoyle Gladiator began the quest for
                  | the Orb.
     0 | D:1      | Reached XP level 1. HP: 12/12 MP: 1/1
    95 | D:1      | Reached XP level 2. HP: 5/18 MP: 2/2
   346 | D:1      | Found a faded altar of an unknown god.
   371 | D:1      | Reached skill level 1 in Armour
   599 | D:1      | Reached XP level 3. HP: 17/22 MP: 3/3
   704 | D:1      | Got the Incunabulum of Weightlessness and Darkness
  1186 | D:2      | Reached XP level 4. HP: 17/27 MP: 4/4
  1447 | D:2      | Reached skill level 3 in Fighting
  2121 | D:3      | Noticed Grinder
  2125 | D:3      | Paralysed by Grinder for 6 turns
  2135 | D:3      | Paralysed by Grinder for 6 turns
  2163 | D:3      | Killed Grinder
  2164 | D:3      | Reached skill level 4 in Fighting
  2164 | D:3      | Reached XP level 5. HP: 11/33 MP: 5/5
  2164 | D:3      | Reached XP level 6. HP: 13/38 MP: 6/6
  2552 | D:3      | Noticed Terence
  2559 | D:3      | Killed Terence
  2745 | D:3      | Found a runed translucent door.
  2745 | D:3      | Noticed a human
  2752 | D:3      | Found a basalt altar of Yredelemnul.
  2793 | D:3      | Killed a human
  2794 | D:3      | Reached skill level 1 in Long Blades
  2794 | D:3      | Reached XP level 7. HP: 44/44 MP: 7/7
  2977 | D:3      | Found a broken altar of Ashenzari.
  3663 | D:4      | Found a white marble altar of Elyvilon.
  3868 | D:4      | Reached skill level 5 in Fighting
  4016 | D:5      | Entered Level 5 of the Dungeon
  4026 | D:5      | Reached XP level 8. HP: 40/49 MP: 8/8
  4159 | D:5      | You fall into a shaft and drop 2 floors!
  4188 | D:7      | Reached skill level 5 in Armour
  4347 | D:7      | Reached skill level 6 in Fighting
  4518 | D:7      | Reached skill level 5 in Dodging
  4646 | D:7      | Reached XP level 9. HP: 32/55 MP: 9/9
  4903 | D:6      | Noticed Blork the orc
  4906 | D:6      | Killed Blork the orc
  4907 | D:6      | Reached skill level 1 in Stealth
  4946 | D:6      | Noticed Maggie
  4958 | D:6      | Killed Maggie
  5502 | D:6      | Reached skill level 7 in Fighting
  5690 | D:6      | Noticed Eustachio
  5728 | D:6      | Killed Eustachio
  5889 | D:5      | Noticed an angel
  5889 | D:5      | Found a glowing silver altar of Zin.
  5889 | D:5      | Found a shimmering altar of Xom.
  5962 | D:5      | Reached skill level 1 in Spellcasting
  5987 | D:4      | Reached skill level 5 in Long Blades
  5996 | D:4      | Reached XP level 10. HP: 39/63 MP: 12/12
  6259 | D:5      | Reached skill level 1 in Shields
  6389 | D:5      | Found an ancient bone altar of Kikubaaqudgha.
  6399 | D:5      | Reached skill level 1 in Necromancy
  6470 | D:5      | Noticed Duvessa
  6474 | D:5      | Noticed Dowan
  6477 | D:5      | Killed Duvessa
  6485 | D:5      | Killed Dowan
  6705 | D:7      | Found a staircase to the Ecumenical Temple.
  6857 | D:7      | Found an iron altar of Okawaru.
  6925 | D:7      | Found a runed translucent door.
  6926 | D:7      | Noticed Crazy Yiuf
  7245 | D:7      | Killed Crazy Yiuf
  7292 | Temple   | Entered the Ecumenical Temple
  7662 | Temple   | Became a worshipper of Makhleb the Destroyer
  7771 | D:8      | Noticed a two-headed ogre
  7798 | D:8      | Killed a two-headed ogre
  8033 | D:8      | Identified the +0 robe of Etoig {*Corrode rPois rC+++
                  | Archmagi}
  8139 | D:8      | Found a shimmering blue altar of Sif Muna.
  8544 | D:9      | Reached skill level 8 in Fighting
  8623 | D:9      | Reached * piety under Makhleb
  8624 | D:9      | Reached XP level 11. HP: 64/68 MP: 15/15
  8722 | D:9      | Reached skill level 1 in Invocations
  8756 | D:9      | Noticed a two-headed ogre
  8766 | D:9      | Killed a two-headed ogre
  8887 | D:9      | Noticed a two-headed ogre
  8900 | D:9      | Killed a two-headed ogre
  9077 | D:9      | Found an opulent altar of Gozag.
  9140 | D:9      | Reached skill level 5 in Shields
  9218 | D:9      | Found a staircase to the Lair.
  9221 | D:9      | Learned a level 1 spell: Animate Skeleton
  9594 | D:9      | Reached ** piety under Makhleb
  9601 | D:10     | Entered Level 10 of the Dungeon
 10061 | D:10     | Noticed a two-headed ogre
 10079 | D:10     | Killed a two-headed ogre
 11525 | D:11     | Reached XP level 12. HP: 60/75 MP: 18/18
 11628 | D:11     | Found a runed translucent door.
 11628 | D:11     | Noticed oldriver's ghost (journeyman DgEE)
 12032 | D:11     | Noticed a two-headed ogre
 12082 | D:10     | Reached skill level 1 in Evocations
 12093 | D:10     | Killed a two-headed ogre
 12530 | D:11     | Found Bagupele's Magic Scroll Shop.
 12538 | D:11     | Bought a scroll of identify for 26 gold pieces
 12538 | D:11     | Bought a scroll of identify for 26 gold pieces
 12543 | D:11     | Bought a scroll of identify for 26 gold pieces
 12543 | D:11     | Bought a scroll of identify for 26 gold pieces
 12723 | D:12     | Noticed a two-headed ogre
 12739 | D:12     | Killed a two-headed ogre
 12845 | D:12     | Reached *** piety under Makhleb
 12907 | D:12     | Reached skill level 9 in Fighting
 13067 | D:12     | Learned a level 1 spell: Pain
 13121 | D:12     | Found a frozen archway.
 13156 | IceCv    | Entered an ice cave
 13310 | IceCv    | Reached skill level 5 in Invocations
 13758 | IceCv    | Found an ancient bone altar of Kikubaaqudgha.
 13785 | IceCv    | Reached **** piety under Makhleb
 13827 | IceCv    | Reached XP level 13. HP: 58/80 MP: 19/19
 14433 | IceCv    | Got Miohejau's Incunabulum of Ghastly Cold
 14816 | D:12     | Found a staircase to the Orcish Mines.
 14816 | D:12     | Found a snail-covered altar of Cheibriados.
 14976 | Orc:1    | Entered Level 1 of the Orcish Mines
 15007 | Orc:1    | Noticed Fannar
 15102 | D:12     | Killed Fannar
 15463 | Orc:2    | Entered Level 2 of the Orcish Mines
 15463 | Orc:2    | Noticed Snorg
 15485 | Orc:1    | Killed Snorg
 15860 | Orc:1    | Reached skill level 5 in Throwing
 15977 | Orc:1    | Reached ***** piety under Makhleb
 16134 | Orc:1    | Gained mutation: Your large and strong wings let you fly.
                  | [Gargoyle growth]
 16134 | Orc:1    | Reached XP level 14. HP: 85/87 MP: 20/20
 16176 | Orc:2    | Found Kurisma's Assorted Antiques.
 16191 | Orc:2    | Found Hoase's Weapon Shoppe.
 16191 | Orc:2    | Found a staircase to the Elven Halls.
 16405 | Orc:2    | Found Iraschol's Antique Armour Boutique.
 16414 | Orc:2    | Found Cusai's Antique Weapon Emporium.
 16667 | Orc:2    | Bought the +3 pair of gauntlets of War {Slay+5} for 1472
                  | gold pieces
 16667 | Orc:2    | Found the +3 pair of gauntlets of War {Slay+5}
 17036 | Orc:1    | Reached skill level 10 in Fighting
 17445 | D:13     | Found a gate to the Vaults.
 18254 | D:13     | Reached skill level 10 in Armour
 18610 | D:14     | Noticed Kirke
 18748 | D:13     | Killed Kirke
 18749 | D:13     | Reached skill level 10 in Long Blades
 19576 | D:15     | Entered Level 15 of the Dungeon
 19908 | D:15     | Reached XP level 15. HP: 86/93 MP: 22/22
 20156 | D:15     | Reached skill level 5 in Spellcasting
 20792 | D:15     | Reached skill level 5 in Stealth
 20960 | D:15     | Found a staircase to the Depths.
 20976 | D:15     | Reached skill level 11 in Fighting
 21162 | Depths:1 | Entered Level 1 of the Depths
 21205 | D:15     | HP: 1/94 [boulder beetle (6)]
 21501 | Depths:1 | Noticed a lich
 21842 | D:15     | Found a blossoming altar of Fedhas.
 22607 | Depths:1 | Blown up by a lich

Illustrated notes

Levels and vault maps discovered:
D:1:      matt_arrival_refuge, layout_loops_cross,
          shapermc_ecumenical_altar_starsandcircs, minmay_misc_feat_nine_boxes
D:2:      layout_basic, minmay_unequal
D:3:      layout_basic, dk_yredelemnul_ordeal, ashenzari_conservatory_becter,
          minivault_26, kennysheep_path_1, chequers_serial_rivers_large_b,
          minmay_cupped, uniq_terence, uniq_grinder
D:4:      layout_rooms, mainiacjoe_overflow_paths
D:5:      layout_rooms, grunt_temple_overflow_order_and_chaos_1,
          lemuel_mausoleum_altar_kikubaaqudgha, kennysheep_generic_room_11,
          uniq_duvessa
D:6:      layout_loops_ring, uniq_maggie, uniq_blork_the_orc, uniq_eustachio
D:7:      layout_basic, lemuel_tele_altar, minmay_temple_entry_mist,
          serial_bayou, serial_bayou_pond_c, serial_bayou_pond_d,
          serial_bayou_pond_d, serial_bayou_shore_a, serial_bayou_shore_b,
          eino_curves_04, uniq_crazy_yiuf_cottage
D:8:      layout_loops_ring, overflow_temple_1_default
D:9:      layout_stronghold, grunt_gozag_statues, erik_lair_orcish_takeover,
          serial_undead, serial_undead_c, serial_undead_f, serial_undead_b,
          serial_undead_c
D:10:     layout_irregular_city, minmay_fractal_squares_diagonal_5
D:11:     layout_cave_pools, serial_shops, nicolae_stop_n_shop_1,
          hellmonk_ghost_happy_afterlife
D:12:     layout_rooms, orc_0_dummy, serial_glass, glass_columns_b,
          glass_columns_b, portal_ice_cave_entry_ice_simulacra, drop_trap,
          cheibriados_altar_1
D:13:     layout_irregular_city, david_vaults_2
D:14:     layout_basic, hangedman_abyss_or_decor_stabs, uniq_kirke
D:15:     gammafunk_enter_depths_forms, layout_stronghold, fedhas_altar_4
Temple:   oiseaux_autumnal_temple
Orc:1:    layout_caves, uniq_fannar
Orc:2:    st_orc_open, layout_caves, basic_altar, rock_pile, uniq_snorg
Depths:1: minmay_split_circle, layout_gridlike, grunt_mini_vestibule,
          hangedman_stitches_earthworm, firewood_loft

Skill      XL: |  1  2  3  4  5  6  7  8  9 10 11 12 13 14 15 |
---------------+----------------------------------------------+-----
Armour         | 1 3 4 5 6 7 8 9 10 | 10.8
Throwing       | 2 3 4 5 6 |  6.0
Polearms       | 3 |  3.5
Fighting       | 4 5 6 7 8 9 10 11 | 11.1
Dodging        | 3 4 5 6 7 8 9 |  9.8
Long Blades    | 1 2 3 5 6 7 8 9 10 | 10.5
Stealth        | 3 4 5 |  5.2
Spellcasting   | 1 3 4 5 |  5.2
Shields        | 4 6 7 9 |  9.9
Necromancy     | 2 4 |  4.3
Invocations    | 3 5 7 8 |  8.4
Evocations     | 2 3 4 |  4.9

Action                   |  1- 3 |  4- 6 |  7- 9 | 10-12 | 13-15 || total
-------------------------+-------+-------+-------+-------+-------++-------
Melee: Trident           |   126 |   108 |       |       |       ||   234
       Punch             |     2 |     2 |     1 |       |       ||     5
       Long sword        |       |    12 |   225 |   520 |   867 ||  1624
Throw: Dart              |       |    12 |    35 |    74 |    91 ||   212
       Javelin           |       |     8 |     7 |     5 |     8 ||    28
       Boomerang         |       |       |     7 |    43 |    13 ||    63
       Stone             |       |       |     4 |     7 |     2 ||    13
       Throwing net      |       |       |       |     3 |     7 ||    10
 Cast: Animate Skeleton  |       |       |       |       |    17 ||    17
Invok: Major Destruction |       |       |       |       |     2 ||     2
       Greater Servant o |       |       |       |       |     2 ||     2
       Minor Destruction |       |       |       |       |     1 ||     1
Evoke: Wand              |       |       |       |    16 |    24 ||    40
  Use: Scroll            |       |       |     2 |    11 |     9 ||    22
       Potion            |       |       |     1 |     5 |     8 ||    14
 Stab: Sleeping          |     2 |     2 |       |     3 |       ||     7
       Distracted        |       |       |     1 |       |     1 ||     2
       Held in net/web   |       |       |       |     1 |     1 ||     2
       Betrayed ally     |       |       |       |       |     1 ||     1
       Paralysed         |       |       |       |       |    15 ||    15
Armor: Leather armour    |    44 |    37 |    77 |       |       ||   158
       Swamp dragon scal |       |       |    38 |   303 |    45 ||   386
       Troll leather arm |       |       |       |       |   153 ||   153
       Chain mail        |       |       |       |       |   201 ||   201
Dodge: Dodged            |    92 |    51 |   205 |   331 |   462 ||  1141
Block: Kite shield       |       |       |       |   358 |   712 ||  1070

Table legend: (Time is in decaauts)
 A = Elapsed time spent in this place.
 B = Non-inter-level travel time spent in this place.
 C = Inter-level travel time spent in this place.
 D = Time resting spent in this place.
 E = Time spent auto-exploring this place.
 F = Levels seen in this place.
 G = Mean time per level.
                   A        B        C        D        E       F      G
               +--------+--------+--------+--------+--------+-----+--------+
         Total |  22965 |  22507 |    458 |      0 |  13726 |  20 | 1148.2 |
       Dungeon |  18856 |  18398 |    458 |      0 |  12036 |  15 | 1257.1 |
        Temple |    414 |    414 |      0 |      0 |    268 |   1 |  414.0 |
  Orcish Mines |   2172 |   2172 |      0 |      0 |    803 |   2 | 1086.0 |
        Depths |     30 |     30 |      0 |      0 |      0 |   1 |   30.0 |
      Ice Cave |   1490 |   1490 |      0 |      0 |    618 |   1 | 1490.0 |
               +--------+--------+--------+--------+--------+-----+--------+

Top non-repeatable levels by time:
    D:15: 2835 daAuts
    D:13: 1653 daAuts
    D:10: 1571 daAuts
     D:3: 1547 daAuts
     D:7: 1533 daAuts
   IceCv: 1490 daAuts
   Orc:1: 1368 daAuts
     D:9: 1277 daAuts
     D:1: 1246 daAuts
     D:6: 1099 daAuts
     D:4: 1023 daAuts
    D:12: 1003 daAuts
     D:5: 848 daAuts
    D:11: 825 daAuts
     D:8: 817 daAuts
